[Event "Team 45 45 League T51"]
[Site "Internet Chess Club"]
[Date "2011.12.04"]
[Round "4"]
[White "TerryMalloy"]
[Black "alexping"]
[Result "1-0"]
[WhiteElo "1959"]
[BlackElo "1911"]
[Opening "French: Tarrasch, closed variation"]
[ECO "C05"]
[Time "09:04:37"]
[TimeControl "2700+45"]

1. e4 e6 2. d4 d5 3. Nd2 Nf6 4. e5 Nfd7 5. Bd3 c5 6. c3 Nc6 7. Ne2 Qb6 8. Nf3
cxd4 9. cxd4 Bb4+ 10. Bd2 Be7 11. Bc3 O-O 12. O-O f6 13. exf6 Nxf6 14. Ng3 Bd7
15. Re1 Rae8 16. Rc1 Bd6 17. Bb1 Bf4 18. Rc2 Nb4 19. Rce2 Bb5 20. Bxb4 Bxe2 21.
Nxe2 Bxh2+ 22. Kxh2 Qxb4 23. b3 Ng4+ 24. Kg1 Rf6 25. Ng3 Ref8 26. Qd3 Rxf3 27.
Qxh7+ Kf7 28. Qg6+ Kg8 29. Qxe6+ R3f7 30. Bg6 Qxd4 31. Re2 Nf6 32. Rc2 Qb6 33.
Bxf7+ {Black resigns} 1-0

[Event "Team 45 45 League T51"]
[Site "Internet Chess Club"]
[Date "2011.12.04"]
[Round "4"]
[White "viking99"]
[Black "Topschach"]
[Result "0-1"]
[WhiteElo "1805"]
[BlackElo "1815"]
[Opening "Ruy Lopez: exchange variation, Alapin gambit"]
[ECO "C68"]
[Time "10:00:25"]
[TimeControl "2700+45"]

1. e4 e5 2. Nf3 Nc6 3. Bb5 a6 4. Bxc6 dxc6 5. O-O Bg4 6. h3 h5 7. d3 Qf6 8. Nbd2
Ne7 9. Re1 Ng6 10. d4 Bd6 11. hxg4 hxg4 12. Nh2 Rxh2 13. Qxg4 Rh4 14. Qf5 Ne7
15. Qxf6 gxf6 16. Nf3 Rh5 17. Be3 O-O-O 18. Rad1 Rdh8 19. g3 Ng6 20. Kg2 b5 21.
Rh1 Nf4+ 22. Bxf4 Rxh1 23. Rxh1 Rxh1 24. Kxh1 exf4 25. g4 c5 26. Kg2 cxd4 27.
Nxd4 Kd7 28. Kf3 Be5 29. c3 b4 30. Ne2 bxc3 31. bxc3 Kd6 32. Nxf4 Bxc3 33. Ke3
Be5 34. Nd3 c5 35. f4 Bc3 36. Nc1 c4 37. Ne2 Bb2 38. Nd4 Bc1+ 39. Kf3 Kc5 40.
Nc2 c3 41. f5 Kc4 42. Ke2 a5 43. e5 fxe5 44. Ne3+ Kd4 45. Ng2 e4 46. Kd1 Bd2 47.
Kc2 a4 48. a3 Ke5 49. Kd1 Kf6 {White forfeits on time} 0-1

[Event "Team 45 45 League T51"]
[Site "Internet Chess Club"]
[Date "2011.12.04"]
[Round "4"]
[White "JeremyWa"]
[Black "misuc56"]
[Result "1-0"]
[WhiteElo "1706"]
[BlackElo "1755"]
[Opening "Sicilian"]
[ECO "B54"]
[Time "17:30:18"]
[TimeControl "2700+45"]

1. e4 c5 2. Nf3 d6 3. d4 cxd4 4. Nxd4 Nc6 5. c4 g6 6. Nc3 Bg7 7. Be3 Bd7 8. Be2
Nf6 9. O-O a6 10. Kh1 h5 11. f3 Rb8 12. Qd2 Ne5 13. Rac1 Bc6 14. Rfd1 Bd7 15. b4
Qc8 16. f4 Neg4 17. Bg1 Bc6 18. c5 Bxe4 19. cxd6 Qd7 20. dxe7 Qxe7 21. Re1 O-O
22. h3 Nh6 23. Bf3 Qxb4 24. Nxe4 Qa4 25. Nc5 Ne4 26. Rxe4 Qa3 27. Re3 {Black
resigns} 1-0

[Event "Team 45 45 League T51"]
[Site "Internet Chess Club"]
[Date "2011.12.04"]
[Round "4"]
[White "rubo"]
[Black "bondguy01"]
[Result "0-1"]
[WhiteElo "1658"]
[BlackElo "1696"]
[Opening "Two knights defense"]
[ECO "C56"]
[Time "17:00:29"]
[TimeControl "2700+45"]

1. e4 e5 2. Nf3 Nc6 3. Bc4 Nf6 4. d4 exd4 5. O-O Nxe4 6. Re1 d5 7. Bxd5 Qxd5 8.
Nc3 Qh5 9. Nxe4 Be6 10. Bg5 Bd6 11. Bf6 Bxh2+ 12. Nxh2 Qxd1 13. Raxd1 gxf6 14.
Nxf6+ Kf8 15. a3 Rd8 16. Nf3 h5 17. Ng5 Bf5 18. Rd2 Kg7 19. Nge4 Rh6 20. b4 Rxf6
21. Nxf6 Kxf6 22. f3 Ne5 23. c3 d3 24. Red1 Nc4 25. Ra2 Be6 26. Raa1 Ne3 27. Rd2
Bb3 28. Kf2 Nc4 29. Rad1 Bxd1 30. Rxd1 b5 31. Ra1 Nb2 32. Rb1 d2 {White resigns}
0-1

[Event "Team 45 45 League T51"]
[Site "Internet Chess Club"]
[Date "2011.12.04"]
[Round "4"]
[White "Cadaz"]
[Black "Boromir"]
[Result "1-0"]
[WhiteElo "1664"]
[BlackElo "1907"]
[Opening "Caro-Kann: two knights variation"]
[ECO "B11"]
[Time "16:01:08"]
[TimeControl "2700+45"]

1. e4 c6 2. Nc3 d5 3. Nf3 dxe4 4. Nxe4 Nd7 5. d4 Ngf6 6. Nxf6+ Nxf6 7. Bd3 Bg4
8. c3 e6 9. O-O Bd6 10. h3 Bh5 11. Re1 Qc7 12. Bg5 O-O-O 13. Qe2 h6 14. Bd2 g5
15. g4 Nxg4 16. hxg4 Bxg4 17. Kg2 Rdg8 18. Qe4 h5 19. Ne5 Bf5 20. Qe2 Bxd3 21.
Qxd3 g4 22. Bf4 Rd8 23. Qe3 h4 24. Rg1 Rde8 25. b4 f6 26. Ng6 Rhg8 27. Bxd6 Qxd6
28. Nxh4 Qd5+ 29. f3 Qh5 30. Rh1 e5 31. Qe4 Kb8 32. Kf2 g3+ 33. Kg2 exd4 34.
Qf4+ Ka8 35. cxd4 Re2+ 36. Kh3 g2 37. Rh2 Qf7 38. Rg1 Qd7+ 39. Qf5 Qxd4 40.
Rhxg2 Ree8 {Black resigns} 1-0

[Event "Team 45 45 League T51"]
[Site "Internet Chess Club"]
[Date "2011.11.30"]
[Round "4"]
[White "BuddyT"]
[Black "makramkozman"]
[Result "1-0"]
[WhiteElo "1843"]
[BlackElo "1592"]
[Opening "Queen's pawn: Torre attack"]
[ECO "A46"]
[Time "20:06:53"]
[TimeControl "2700+45"]

1. d4 Nf6 2. Nf3 e6 3. Bg5 Bb4+ 4. c3 Be7 5. Nbd2 d5 6. e3 Nbd7 7. Bd3 b6 8. O-O
Bb7 9. Ne5 Nxe5 10. dxe5 Ne4 11. Bxe7 Qxe7 12. Qa4+ Qd7 13. Qxd7+ Kxd7 14. Bb5+
c6 15. Nxe4 dxe4 16. Ba4 Kc7 17. Rfd1 Rad8 18. Kf1 Rd5 19. Rd4 Rxe5 20. Rad1 Rd5
21. Rxe4 Rxd1+ 22. Bxd1 c5 23. Rg4 g6 24. Be2 h5 25. Ra4 a5 26. Bb5 Rd8 27. b4
Rd1+ 28. Ke2 Rb1 29. a3 Bxg2 30. Be8 Rb2+ 31. Ke1 Rb1+ 32. Ke2 Bf1+ 33. Kf3 Kd8
34. Bc6 g5 35. bxc5 f5 36. cxb6 e5 37. h3 Rxb6 38. Bd5 g4+ 39. hxg4 hxg4+ 40.
Kg3 Rh6 41. f3 Rh3+ 42. Kf2 Bd3 43. fxg4 fxg4 44. Rxg4 Rh2+ 45. Rg2 Rxg2+ 46.
Kxg2 Kc7 47. Kf3 Kd6 48. e4 Kc5 49. Kg4 Kb5 50. Kf5 Ka4 51. Kxe5 Kxa3 52. Kd4
Bb5 53. c4 Bd7 54. Kc3 Ka2 55. c5+ Kb1 56. c6 Be8 57. Kb3 Kc1 58. Ka4 Kd2 59.
Kxa5 Kd3 60. Kb6 Kd4 61. Kc7 Kc5 62. Kb7 Bxc6+ 63. Bxc6 Kd6 64. Bd5 Ke5 65. Kc7
Kf6 66. Kd6 Kg7 67. e5 Kf8 68. Kd7 {Black resigns} 1-0

[Event "Team 45 45 League T51"]
[Site "Internet Chess Club"]
[Date "2011.12.08"]
[Round "4"]
[White "puapaupau"]
[Black "crimsonviper"]
[Result "0-1"]
[WhiteElo "1666"]
[BlackElo "1889"]
[Opening "Scotch: Mieses variation"]
[ECO "C45"]
[Time "22:00:07"]
[TimeControl "2700+45"]

1. e4 e5 2. Nf3 Nc6 3. d4 exd4 4. Nxd4 Nf6 5. Nxc6 bxc6 6. e5 Qe7 7. Qe2 Nd5 8.
c4 Ba6 9. b3 g6 10. Bb2 Bg7 11. g3 O-O 12. Nd2 d6 13. Qe4 Nb4 14. a3 d5 15. cxd5
Bxf1 16. Kxf1 Nxd5 17. Rc1 Qe6 18. Nf3 Rab8 19. Kg2 Rxb3 20. Nd4 Nf4+ 21. Kg1
Qg4 22. Qxf4 Qxf4 23. gxf4 Rxb2 24. Nxc6 Bh6 25. h4 Bxf4 26. Ne7+ Kg7 27. Rxc7
Bxe5 28. Rxa7 Bd4 29. Rd7 Bxf2+ 30. Kf1 Bc5 31. Rh3 Re8 32. Nc6 Rf2+ 33. Kg1
Re1# {White checkmated} 0-1

[Event "Team 45 45 League T51"]
[Site "Internet Chess Club"]
[Date "2011.12.04"]
[Round "4"]
[White "jps7"]
[Black "lechuguita"]
[Result "0-1"]
[WhiteElo "1685"]
[BlackElo "1552"]
[Opening "Queen's pawn game"]
[ECO "D05"]
[Time "02:05:02"]
[TimeControl "2700+45"]

1. d4 d5 2. Nf3 Nf6 3. e3 e6 4. Bd3 Be7 5. O-O O-O 6. b3 a6 7. Bb2 b5 8. Nbd2
Bb7 9. Ne5 Nbd7 10. f4 c5 11. c4 cxd4 12. exd4 Nxe5 13. fxe5 Ne4 14. c5 Bg5 15.
Nf3 f5 16. Qe2 Bh6 17. Rac1 Bxc1 18. Rxc1 Rc8 19. Ba3 Bc6 20. b4 Rc7 21. Rc2
Rcf7 22. Bc1 f4 23. a3 Qe8 24. Bxe4 dxe4 25. Ng5 Rf5 26. Nxe4 f3 27. Qe3 Bxe4
28. Qxe4 f2+ 29. Kf1 Qh5 30. g4 Qh3+ 31. Qg2 Qxg2+ 32. Kxg2 f1=Q+ {White
resigns} 0-1

[Event "Team 45 45 League T51"]
[Site "Internet Chess Club"]
[Date "2011.12.03"]
[Round "4"]
[White "fileman"]
[Black "hewdondada"]
[Result "1-0"]
[WhiteElo "1830"]
[BlackElo "1725"]
[Opening "Scandinavian (center counter) defense"]
[ECO "B01"]
[Time "08:12:30"]
[TimeControl "2700+45"]

1. e4 d5 2. exd5 Qxd5 3. Nf3 Nf6 4. d4 c6 5. c4 Qd8 6. Nc3 Bg4 7. Be2 e6 8. O-O
Be7 9. Bf4 O-O 10. Qd2 Nbd7 11. Rad1 Nh5 12. h3 Nxf4 13. Qxf4 Bxf3 14. Bxf3 Nf6
15. a3 Bd6 16. Qd2 Qc7 17. b4 Rad8 18. g3 Rfe8 19. Rfe1 a6 20. Qc2 Bf8 21. Ne4
Nxe4 22. Bxe4 g6 23. Rd3 a5 24. Qb3 axb4 25. axb4 Bg7 26. Red1 Rd6 27. c5 Rd7
28. b5 Red8 29. bxc6 bxc6 30. Qa4 Rc8 31. Kg2 Qa7 32. Bxc6 Qxa4 33. Bxa4 Ra7 34.
Bb3 Bf8 35. Rc1 Ra3 36. Bxe6 Rxd3 37. Bxc8 Rxd4 38. c6 Bd6 39. c7 Rd5 40. Bb7
{Black resigns} 1-0

[Event "Team 45 45 League T51"]
[Site "Internet Chess Club"]
[Date "2011.12.03"]
[Round "4"]
[White "noblitz-oblige"]
[Black "ice-cream"]
[Result "0-1"]
[WhiteElo "1583"]
[BlackElo "1721"]
[Opening "Sicilian: Sozin, Benkö variation"]
[ECO "B57"]
[Time "21:34:38"]
[TimeControl "2700+45"]

1. e4 c5 2. Nf3 Nc6 3. d4 cxd4 4. Nxd4 Nf6 5. Nc3 d6 6. Bc4 Qb6 7. Nxc6 bxc6 8.
O-O e5 9. Bb3 Be7 10. Kh1 Ba6 11. Be3 Qc7 12. Re1 O-O 13. f4 Rad8 14. Qf3 Rfe8
15. f5 Bf8 16. Ne2 d5 17. Ng3 d4 18. Bg5 Be7 19. Nh5 Nxh5 20. Qxh5 Bxg5 21. Qxg5
Qe7 22. Qg4 c5 23. c4 d3 24. Re3 Rd4 25. Rf1 f6 26. Rh3 Qf7 27. Qh4 h6 28. Bd1
Qxc4 29. Bb3 d2 30. Bxc4+ Bxc4 31. Rd1 Be2 32. Rg3 Kf8 33. Rxd2 Rxd2 34. Kg1
Rxb2 35. Ra3 a6 36. Qg3 Rd8 37. h3 Rd1+ 38. Kf2 Bh5+ {White resigns} 0-1

[Event "Team 45 45 League T51"]
[Site "Internet Chess Club"]
[Date "2011.12.04"]
[Round "4"]
[White "fireball"]
[Black "THE-MATRIX"]
[Result "0-1"]
[WhiteElo "1767"]
[BlackElo "1663"]
[Opening "QP counter-gambit (elephant gambit)"]
[ECO "C40"]
[Time "16:06:01"]
[TimeControl "2700+45"]

1. e4 e5 2. Nf3 d5 3. exd5 e4 4. Qe2 Nf6 5. Nc3 Be7 6. Nxe4 Nxd5 7. d3 O-O 8.
Be3 f5 9. Nc3 Bb4 10. Qd2 f4 11. Bd4 Bg4 12. O-O-O c5 13. Be5 Nc6 14. Re1 Bxf3
15. gxf3 Nxe5 16. Rxe5 Nxc3 17. bxc3 Ba3+ 18. Kd1 Qb6 19. Ke2 Rae8 20. Re4 Rxe4+
21. fxe4 f3+ 22. Ke1 Qb1+ 23. Qd1 Qb2 24. Kd2 Qxa2 25. Bh3 Bb2 26. Qb1 Qa3 27.
Be6+ Kh8 28. c4 Qc3+ 29. Kd1 Qd4 30. Ke1 Bc3+ 31. Kf1 Qe5 32. Bd5 b6 33. Qb5 Qg5
{White resigns} 0-1

[Event "Team 45 45 League T51"]
[Site "Internet Chess Club"]
[Date "2011.12.03"]
[Round "4"]
[White "achessman"]
[Black "VietLion"]
[Result "1/2-1/2"]
[WhiteElo "1967"]
[BlackElo "1945"]
[Opening "Caro-Kann: Panov-Botvinnik, Gunderam attack"]
[ECO "B13"]
[Time "05:37:22"]
[TimeControl "2700+45"]

1. e4 c6 2. d4 d5 3. exd5 cxd5 4. c4 Nf6 5. c5 g6 6. Nc3 Bg7 7. Bb5+ Nc6 8. Nge2
O-O 9. O-O Bf5 10. Bxc6 bxc6 11. Qa4 Qd7 12. Re1 Rfb8 13. f3 a5 14. Qd1 Qa7 15.
Na4 Nd7 16. g4 Be6 17. Nf4 Rb4 18. Nxe6 fxe6 19. Rxe6 Bxd4+ 20. Kg2 Nxc5 21.
Nxc5 Qxc5 22. Qe2 Rb7 23. Rb1 Rab8 24. b3 Bf6 25. Bf4 Rf8 26. Rc1 Bc3 27. Bd2 d4
28. Bxc3 dxc3 29. Re3 a4 30. Rexc3 Qb5 31. Qe6+ Rf7 32. Rxc6 axb3 33. axb3 Qxb3
34. Qxb3 Rxb3 35. R1c3 Rxc3 {Game drawn by mutual agreement} 1/2-1/2

[Event "Team 45 45 League T51"]
[Site "Internet Chess Club"]
[Date "2011.12.03"]
[Round "4"]
[White "subterfuge"]
[Black "BigH"]
[Result "0-1"]
[WhiteElo "1718"]
[BlackElo "2249"]
[Opening "Grünfeld: exchange, classical variation"]
[ECO "D87"]
[Time "14:04:51"]
[TimeControl "2700+45"]

1. d4 Nf6 2. c4 g6 3. Nc3 d5 4. cxd5 Nxd5 5. e4 Nxc3 6. bxc3 Bg7 7. Bc4 c5 8.
Ne2 Nc6 9. Be3 O-O 10. O-O Qc7 11. Rc1 b6 12. f4 Bg4 13. d5 Rad8 14. h3 Na5 15.
Bd3 Bc8 16. Ng3 c4 17. Bb1 e6 18. Qe1 exd5 19. exd5 Bb7 20. f5 Rfe8 21. Qf2 Bxd5
22. f6 Bxf6 23. Nf5 gxf5 24. Qxf5 Qg3 25. Qxh7+ Kf8 26. Bh6+ Bg7 27. Rxf7+ Bxf7
28. Rf1 Re1 29. Qh8+ Ke7 30. Bg5+ Qxg5 31. Rxe1+ Be6 32. Qh7 Nb7 33. h4 Qg3 34.
Rxe6+ Kxe6 35. Qf5+ Kd6 36. Be4 Qe1+ 37. Kh2 Be5+ {White resigns} 0-1

[Event "Team 45 45 League T51"]
[Site "Internet Chess Club"]
[Date "2011.12.02"]
[Round "4"]
[White "bobhill"]
[Black "carokantor"]
[Result "0-1"]
[WhiteElo "1943"]
[BlackElo "2025"]
[Opening "Queen's pawn: Torre attack"]
[ECO "A46"]
[Time "22:00:48"]
[TimeControl "2700+45"]

1. d4 Nf6 2. Nf3 e6 3. Bg5 h6 4. Bh4 g5 5. Bg3 Ne4 6. Nbd2 Nxg3 7. hxg3 Bg7 8.
c3 d6 9. Qc2 e5 10. dxe5 dxe5 11. e3 Nc6 12. O-O-O Qe7 13. Bc4 Bd7 14. Nb3 O-O-O
15. Nfd2 f5 16. f3 Rhf8 17. e4 f4 18. g4 Rf6 19. Bd5 Nb8 20. Na5 c6 21. Bc4 Rd6
22. Qb3 b6 23. Qa3 bxa5 24. Qxa5 Be8 25. Nb3 Rxd1+ 26. Rxd1 Rxd1+ 27. Kxd1 Qd8+
28. Qxd8+ Kxd8 29. Nc5 Ke7 30. a4 Nd7 31. Na6 h5 32. gxh5 Bxh5 33. Be2 Kd6 34.
b4 Bf7 35. c4 c5 36. Kc2 cxb4 37. Nxb4 Nc5 38. a5 Bf6 39. Nd5 Bd8 40. a6 Nxa6
41. Kb3 Nc5+ 42. Kb4 a5+ 43. Ka3 Ne6 44. Bd1 Kc5 45. Kb3 Nd4+ 46. Kc3 Be8 47.
Kd3 a4 48. Nc3 a3 49. Na2 Bf7 50. Kc3 Ba5+ 51. Kd3 Bxc4# {White checkmated} 0-1

[Event "Team 45 45 League T51"]
[Site "Internet Chess Club"]
[Date "2011.12.04"]
[Round "4"]
[White "HumanTornado"]
[Black "Beetlejuice"]
[Result "1-0"]
[WhiteElo "1972"]
[BlackElo "1795"]
[Opening "Ruy Lopez: open, classical defense"]
[ECO "C83"]
[Time "10:00:30"]
[TimeControl "2700+45"]

1. Nf3 Nc6 2. e4 e5 3. Bb5 a6 4. Ba4 Nf6 5. O-O Nxe4 6. d4 b5 7. Bb3 d5 8. dxe5
Be6 9. c3 Be7 10. Nbd2 Nc5 11. Bc2 O-O 12. Nb3 Nxb3 13. axb3 f6 14. Bf4 Bg4 15.
Qd3 g6 16. Nd4 Nxe5 17. Bxe5 fxe5 18. Nc6 Qd6 19. Qxd5+ Rf7 20. Nxe7+ {Black
resigns} 1-0

[Event "Team 45 45 League T51"]
[Site "Internet Chess Club"]
[Date "2011.12.06"]
[Round "4"]
[White "bgolev"]
[Black "CamLeslie"]
[Result "1-0"]
[WhiteElo "1844"]
[BlackElo "1826"]
[Opening "Sicilian: accelerated fianchetto, Breyer variation"]
[ECO "B39"]
[Time "18:07:15"]
[TimeControl "2700+45"]

1. e4 c5 2. Nf3 g6 3. d4 cxd4 4. Nxd4 Nc6 5. c4 Nf6 6. Nc3 Bg7 7. Be3 Ng4 8.
Qxg4 Nxd4 9. Qd1 Ne6 10. Rc1 Qa5 11. Be2 b6 12. O-O Bb7 13. f3 g5 14. Qc2 h5 15.
Nd5 Qxa2 16. Bxg5 Bxd5 17. cxd5 Nxg5 18. Qc8+ {Black resigns} 1-0

[Event "Team 45 45 League T51"]
[Site "Internet Chess Club"]
[Date "2011.12.03"]
[Round "4"]
[White "BuddyT"]
[Black "room-matt"]
[Result "0-1"]
[WhiteElo "1821"]
[BlackElo "1724"]
[Opening "QGA: classical variation"]
[ECO "D26"]
[Time "00:48:31"]
[TimeControl "2700+45"]

1. d4 d5 2. c4 dxc4 3. Nf3 Nf6 4. e3 e6 5. Bxc4 c5 6. Qe2 a6 7. dxc5 Bxc5 8. O-O
Nc6 9. a3 Bd6 10. e4 b5 11. Ba2 Ne5 12. Nxe5 Bxe5 13. Nd2 Bb7 14. Nf3 Bc7 15.
Rd1 Qb8 16. Bb1 O-O 17. Bg5 Bd8 18. e5 Nd5 19. Qe4 g6 20. Qh4 h5 21. Qg3 Bxg5
22. Qxg5 Qd8 23. Qh6 Qc7 24. Ng5 Rfe8 25. Rxd5 Qc1+ 26. Rd1 Qxd1# {White
checkmated} 0-1

[Event "Team 45 45 League T51"]
[Site "Internet Chess Club"]
[Date "2011.12.04"]
[Round "4"]
[White "RedAttack"]
[Black "perikitosax"]
[Result "1/2-1/2"]
[WhiteElo "1920"]
[BlackElo "1999"]
[Opening "Queen's pawn: Torre attack"]
[ECO "A46"]
[Time "11:05:10"]
[TimeControl "2700+45"]

1. d4 Nf6 2. Nf3 e6 3. Bg5 d5 4. e3 Be7 5. Bb5+ Nbd7 6. O-O O-O 7. Nc3 c5 8. Bf4
a6 9. Bd3 b5 10. Ne5 Bb7 11. a3 c4 12. Be2 Ne4 13. Nxe4 dxe4 14. h3 Nb6 15. c3
Nd5 16. Bg3 Bd6 17. Qc2 f6 18. Ng4 Bxg3 19. fxg3 f5 20. Ne5 Nxe3 21. Qd2 Nxf1
22. Rxf1 Bd5 23. h4 Ra7 24. h5 Qf6 25. g4 f4 26. Bd1 Qg5 27. Bc2 g6 28. hxg6
hxg6 29. Qe1 e3 30. Bxg6 Rf6 31. Bh5 Rh7 32. Qe2 Be4 33. Nf3 Bxf3 34. Qxf3 Qd5
35. g3 Qxf3 36. Rxf3 e2 37. Kf2 fxg3+ 38. Kxe2 Rxf3 39. Kxf3 Kg7 40. Kxg3 Rh8
41. Kf4 Kf6 42. g5+ Ke7 43. Kg4 Rf8 44. g6 Kf6 45. Kf4 Rh8 46. Kg4 Rg8 47. Kf4
Rg7 48. Ke4 Rd7 49. Kf4 Rd5 50. Bf3 Rd6 51. Be4 Rb6 52. Kf3 a5 53. Kf4 Rb8 54.
Bc6 b4 55. axb4 axb4 56. d5 exd5 57. Bxd5 bxc3 58. bxc3 Rc8 {Game drawn by
mutual agreement} 1/2-1/2

[Event "Team 45 45 League T51"]
[Site "Internet Chess Club"]
[Date "2011.12.05"]
[Round "4"]
[White "bogolijubov"]
[Black "RdgMx"]
[Result "1/2-1/2"]
[WhiteElo "1801"]
[BlackElo "1869"]
[Opening "Scandinavian (center counter) defense"]
[ECO "B01"]
[Time "17:10:48"]
[TimeControl "2700+45"]

1. e4 d5 2. exd5 Qxd5 3. Nc3 Qa5 4. d4 c6 5. Nf3 Nf6 6. Bc4 e6 7. Qe2 Bd6 8. Bd2
Qc7 9. O-O h6 10. Ne5 Bxe5 11. dxe5 Nh7 12. Ne4 O-O 13. Nd6 b6 14. Rad1 {Game
drawn by mutual agreement} 1/2-1/2

[Event "Team 45 45 League T51"]
[Site "Internet Chess Club"]
[Date "2011.12.05"]
[Round "4"]
[White "Kueh"]
[Black "spunni"]
[Result "0-1"]
[WhiteElo "1956"]
[BlackElo "1901"]
[Opening "Scotch: Schmidt variation"]
[ECO "C45"]
[Time "12:41:06"]
[TimeControl "2700+45"]

1. e4 e5 2. Nf3 Nc6 3. d4 exd4 4. Nxd4 Nf6 5. Nxc6 bxc6 6. Bd3 d5 7. e5 Ng4 8.
O-O Bc5 9. Bf4 f6 10. h3 fxe5 11. Bxe5 Nxe5 12. Qh5+ Nf7 13. Re1+ Be7 14. Bxh7
Kf8 15. Qg6 Bf6 16. Nd2 Ng5 17. Nf3 Nxh7 18. Re3 Bd7 19. Rae1 Ng5 20. Ne5 Be8
21. Qf5 Qc8 22. Qf4 Ne6 23. Qg3 Nd4 24. Ng4 Bf7 25. Qf4 Qd8 26. Nxf6 Qxf6 27.
Qxc7 Kg8 28. Re7 Nf3+ 29. gxf3 Rxh3 30. R1e3 Qg6+ {White resigns} 0-1

[Event "Team 45 45 League T51"]
[Site "Internet Chess Club"]
[Date "2011.12.03"]
[Round "4"]
[White "CapitanTrueno"]
[Black "CaoCao"]
[Result "1/2-1/2"]
[WhiteElo "1778"]
[BlackElo "1896"]
[Opening "Ruy Lopez: Schliemann defense, Berger variation"]
[ECO "C63"]
[Time "04:34:58"]
[TimeControl "2700+45"]

1. e4 e5 2. Nf3 Nc6 3. Bb5 f5 4. Nc3 fxe4 5. Nxe4 d5 6. Nxe5 dxe4 7. Nxc6 Qg5 8.
Qe2 Nf6 9. f4 Qxf4 10. Ne5+ c6 11. d4 Qh4+ 12. g3 Qh3 13. Bc4 Be6 14. Bg5 Bd6
15. O-O-O Rd8 16. Bxf6 gxf6 17. Bxe6 Qxe6 18. Qc4 Ke7 19. Qxe6+ Kxe6 20. Nc4 f5
21. Nxd6 Rxd6 22. c3 Kd5 23. Rhf1 Rf6 24. Rf4 h5 25. Rdf1 Ke6 26. Kd2 Rg8 27.
Ke3 Rg4 28. Rxg4 hxg4 29. Kf4 {Game drawn by mutual agreement} 1/2-1/2

[Event "Team 45 45 League T51"]
[Site "Internet Chess Club"]
[Date "2011.12.06"]
[Round "4"]
[White "Uwak"]
[Black "zeigmata"]
[Result "1-0"]
[WhiteElo "2439"]
[BlackElo "2255"]
[Opening "Sicilian: Najdorf, 7...Be7 main line"]
[ECO "B99"]
[Time "11:27:38"]
[TimeControl "2700+45"]

1. e4 c5 2. Nf3 d6 3. d4 cxd4 4. Nxd4 Nf6 5. Nc3 a6 6. Bg5 e6 7. f4 Nbd7 8. Qf3
Qc7 9. O-O-O Be7 10. g4 b5 11. Bxf6 gxf6 12. f5 Ne5 13. Qh3 Bf8 14. Rg1 Qe7 15.
Qh5 Kd8 16. Kb1 Bd7 17. a3 Rb8 18. Rg3 Bg7 19. Na2 Kc7 20. Nb4 Rb6 21. Be2 Kb7
22. Qh3 h5 23. gxh5 Bh6 24. Nb3 Rc8 25. Na5+ Ka7 26. fxe6 fxe6 27. Qg2 Be8 28.
h4 Nc4 29. Bxc4 bxc4 30. Rd4 c3 31. Rxc3 Rxc3 32. bxc3 Rb5 33. Qf2 Ka8 34. Nc4
d5 35. exd5 exd5 36. Rxd5 Rxd5 37. Nxd5 Qe4 38. Nc7+ Kb8 39. Qb6+ {Black
resigns} 1-0

[Event "Team 45 45 League T51"]
[Site "Internet Chess Club"]
[Date "2011.12.04"]
[Round "4"]
[White "NFork"]
[Black "searchforbobby1"]
[Result "1-0"]
[WhiteElo "2349"]
[BlackElo "2188"]
[Opening "Nimzovich-Larsen attack: modern variation"]
[ECO "A01"]
[Time "16:09:31"]
[TimeControl "2700+45"]

1. b3 e5 2. Bb2 Nc6 3. e3 d5 4. Bb5 Bd6 5. Nf3 Qe7 6. c4 Nf6 7. d4 e4 8. Ne5 O-O
9. Nxc6 bxc6 10. Bxc6 Bg4 11. Qc2 Qe6 12. Bxa8 Rxa8 13. Ba3 Bxa3 14. Nxa3 Qa6
15. Nb5 Rc8 16. O-O c6 17. Nc3 dxc4 18. Nxe4 Nxe4 19. Qxe4 Be2 20. Rfc1 Bd3 21.
Qe7 h5 22. Qc5 h4 23. bxc4 h3 24. Rc3 Be4 25. f3 Bg6 26. e4 Rb8 27. Ra3 Qb7 28.
Rb3 Qc7 29. Qe5 Qxe5 30. dxe5 Rd8 31. gxh3 Rd2 32. Ra3 Bh5 33. Rc1 Kh7 34. Rcc3
Kg6 35. h4 Rd7 36. Rd3 Rc7 37. Kf2 Kh6 38. Rd6+ Kh7 39. c5 Bg6 40. Kg3 Bh5 41.
Kf4 Bg6 42. Kg5 f6+ 43. exf6 gxf6+ 44. Rxf6 {Black resigns} 1-0

[Event "Team 45 45 League T51"]
[Site "Internet Chess Club"]
[Date "2011.12.03"]
[Round "4"]
[White "DARKwizard1"]
[Black "pentti63"]
[Result "1-0"]
[WhiteElo "2128"]
[BlackElo "2221"]
[Opening "Caro-Kann defense"]
[ECO "B15"]
[Time "10:02:07"]
[TimeControl "2700+45"]

1. e4 c6 2. d4 d5 3. Nc3 dxe4 4. Nxe4 h6 5. Nf3 Bf5 6. Ng3 Bh7 7. Bd3 Bxd3 8.
Qxd3 Nd7 9. Bd2 e6 10. Ne5 Nxe5 11. dxe5 Qxd3 12. cxd3 O-O-O 13. Ke2 Ne7 14.
Rac1 Nd5 15. Ne4 Be7 16. a3 Kb8 17. Be3 Rd7 18. Rhd1 Rhd8 19. g3 Nxe3 20. fxe3
f5 21. exf6 gxf6 22. g4 h5 23. h3 hxg4 24. hxg4 Rg8 25. Rg1 Rd5 26. Rcf1 Rb5 27.
b4 a5 28. Nxf6 Bxf6 29. Rxf6 axb4 30. axb4 Rxb4 31. g5 Kc7 32. Rxe6 Kd7 33. Rh6
Rb5 34. g6 Ke7 35. Rh7+ Ke6 36. d4 b6 37. Rb7 Kd6 38. g7 c5 39. Rg6+ Kd5 40. Rf7
Rb2+ 41. Kf3 Rb1 42. Kf2 Rb2+ 43. Kg1 Rb1+ 44. Kg2 Rb2+ 45. Kh3 Rb3 46. dxc5
Rxe3+ 47. Kg2 bxc5 48. Rf8 Rxg7 49. Rxg7 c4 50. Kf2 Re5 51. Rc8 {Black forfeits
on time} 1-0

[Event "Team 45 45 League T51"]
[Site "Internet Chess Club"]
[Date "2011.12.02"]
[Round "4"]
[White "snottgoblin"]
[Black "boknoy"]
[Result "0-1"]
[WhiteElo "2020"]
[BlackElo "1905"]
[Opening "English: Sicilian reversed"]
[ECO "A25"]
[Time "20:01:17"]
[TimeControl "2700+45"]

1. c4 e5 2. Nc3 Nc6 3. g3 Nf6 4. Bg2 Bc5 5. Nf3 O-O 6. O-O Re8 7. d3 h6 8. a3 a5
9. Rb1 d6 10. Nd2 Bf5 11. h3 Bh7 12. Nde4 Nxe4 13. Nxe4 Bxe4 14. Bxe4 Qd7 15.
Kh2 a4 16. e3 Na5 17. Bd2 Bb6 18. Qh5 c6 19. Rbd1 Nb3 20. Bc3 d5 21. cxd5 cxd5
22. Bf5 Qc6 23. Qg4 Rad8 24. h4 d4 25. Bb4 Bc5 26. Bxc5 Qxc5 27. Be4 Re7 28. h5
Qc8 29. Qf3 Rd6 30. g4 Rf6 31. Qg2 Qc2 32. exd4 exd4 33. Kg1 Qxb2 34. Qg3 Re8
35. f4 Qxa3 36. g5 Rb6 37. Rfe1 Rd8 38. f5 hxg5 39. Qc7 Qd6 40. Qxd6 Rdxd6 41.
Re2 Kf8 42. Rc2 Rd8 43. Rc7 a3 44. Rc2 Ra8 45. Ra2 Nc5 46. Bd5 Rb2 47. Kf1 Ra5
48. Bc4 b5 49. Bd5 b4 50. Rc1 Rxa2 51. Bxa2 b3 {White resigns} 0-1

[Event "Team 45 45 League T51"]
[Site "Internet Chess Club"]
[Date "2011.12.03"]
[Round "4"]
[White "QueensCounselor"]
[Black "chess9793"]
[Result "1/2-1/2"]
[WhiteElo "2132"]
[BlackElo "2158"]
[Opening "Grünfeld: exchange, classical variation"]
[ECO "D87"]
[Time "16:02:09"]
[TimeControl "2700+45"]

1. d4 Nf6 2. c4 g6 3. Nc3 d5 4. cxd5 Nxd5 5. e4 Nxc3 6. bxc3 Bg7 7. Bc4 c5 8.
Ne2 Nc6 9. Be3 O-O 10. O-O Qc7 11. Rb1 b6 12. Qc2 Bb7 13. f3 Na5 14. Bb3 cxd4
15. cxd4 Qxc2 16. Bxc2 Ba6 17. Kf2 Rac8 18. Rfc1 Rfd8 19. d5 Bxe2 20. Kxe2 Nc4
21. Ba4 Nxe3 22. Kxe3 g5 23. Rc6 Rxc6 24. Bxc6 {Game drawn by mutual agreement}
1/2-1/2